 Dungeon Crawl Stone Soup version 0.17-a0-1939-ga475588 (webtiles) character file.

182293 ololoev the Fencer (level 17, -4/117 (118) HPs)
             Began as a High Elf Fighter on Sept 29, 2015.
             Was the Champion of Makhleb.
             Slain by a phantasmal warrior (25 damage)
             ... summoned by a curse skull
             ... on level 1 of the Crypt.
             The game lasted 02:01:26 (15667 turns).

ololoev the Fencer (High Elf Fighter)              Turns: 15667, Time: 02:01:26

HP:   -4/117 (118)  AC: 31    Str: 28    XL:     17   Next: 35%
MP:   16/16         EV: 20    Int: 13    God:    Makhleb [******]
Gold: 464           SH: 19    Dex: 17    Spells: 2 memorised, 22 levels left

rFire  + . .     SeeInvis .     a - +3 double sword (holy)
rCold  . . .     Clarity  .     F - +2 chain mail {rF+}
rNeg   . . .     SustAt   .     E - +4 shield
rPois  .         Gourm    .     d - +1 hat "Zetuebbe" {rCorr MP-9 Str+10 Int-2}
rElec  +         Spirit   .     o - +2 cloak {MR+}
rCorr  +         Warding  .     y - +2 pair of gloves
rMut   .         Stasis   .     B - +2 pair of boots
MR     +++..                    A - amulet of regeneration
Stlth  ..........               q - +4 ring of evasion
                                h - +6 ring of slaying

@: slowed, very slow, extremely resistant to hostile enchantments, extremely
unstealthy
A: iridescent scales 1, large bone plates 1, low mp 1, magic resistance 1,
regeneration 1, electricity resistance, spit poison 1, MP-powered wands
a: Spit Poison, Minor Destruction, Lesser Servant of Makhleb, Major Destruction,
Greater Servant of Makhleb, Renounce Religion
}: 1/15 runes: gossamer


Innate Abilities, Weirdness & Mutations

You are partially covered in iridescent scales (AC +4).
You are partially covered in large bone plates (AC +2, SH +2).
Your magical capacity is low (-10% MP).
You are resistant to hostile enchantments.
Your natural rate of healing is unusually fast.
You are resistant to electric shocks.
You can spit weak poison.
You expend magic power (3 MP) to strengthen your wands.

Inventory:

Hand weapons
 a - a +3 double sword of holy wrath (weapon)
Armour
 d - the +1 hat "Zetuebbe" (worn) {rCorr MP-9 Str+10 Int-2}
   (You acquired it on level 9 of the Dungeon)

   It affects your strength (+10).
   It affects your intelligence (-2).
   It affects your magic capacity (-9).
   It protects you from acid and corrosion.
 o - a +2 cloak of magic resistance (worn)
 y - a +2 pair of gloves (worn)
 B - a +2 pair of boots (worn)
 E - a +4 shield (worn)
 F - a +2 chain mail of fire resistance (worn)
Rods
 b - a +6 rod of the swarm (13/13)
   (You took it off a minotaur in a labyrinth)
Jewellery
 h - a +6 ring of slaying (left hand)
 q - a +4 ring of evasion (right hand)
 x - the ring of Doymm {rElec rC+ rN+ MR-}
   (You took it off a minotaur in a labyrinth)

   [ring of positive energy]

   It protects you from cold.
   It insulates you from electricity.
   It protects you from negative energy.
   It affects your resistance to hostile enchantments.
 A - an amulet of regeneration (around neck)
 J - an uncursed ring of sustain attributes
 O - the ring of Miopravu {Ice rElec MR++ Int+4}
   (You found it in a labyrinth)

   [ring of ice]

   It enhances your ice magic, and weakens your fire magic.
   It affects your intelligence (+4).
   It makes you vulnerable to fire.
   It protects you from cold.
   It insulates you from electricity.
   It affects your resistance to hostile enchantments.
Magical devices
 l - a wand of digging (14)
 m - a wand of disintegration (5)
 p - a wand of fireball (6)
 L - a wand of digging (13)
 R - a wand of fireball (8)
Scrolls
 i - 4 scrolls of recharging
 j - 2 scrolls of fog
 n - 5 scrolls of remove curse
 t - 3 scrolls of immolation
 v - a scroll of identify
 D - a scroll of summoning
Potions
 f - 3 potions of resistance
 g - 3 potions of flight
 k - 2 potions of haste
 s - 6 potions of brilliance
 H - 2 potions of curing
 I - a potion of might
 N - a potion of magic
 P - 4 potions of invisibility
Miscellaneous
 c - a disc of storms
Comestibles
 e - 9 bread rations
 r - a royal jelly
 u - 12 fruits
 w - 5 chunks of flesh
 C - 2 slices of pizza
 G - 6 beef jerkies


   Skills:
 - Level 11.6 Fighting
 - Level 16.5 Long Blades
 + Level 11.6 Armour
 + Level 12.0 Dodging
 + Level 10.0 Shields
 + Level 4.6 Spellcasting
 - Level 7.6 Translocations
 * Level 7.0 Air Magic
 + Level 13.0 Invocations
 - Level 10.0 Evocations


You had 22 spell levels left.
You knew the following spells:

 Your Spells              Type           Power        Failure   Level  Hunger
a - Apportation           Tloc           ###.......   10%         1    None
b - Swiftness             Chrm/Air       ##......     58%         2    ##.....


You were on level 1 of the Crypt.
You worshipped Makhleb.
Makhleb was exalted by your worship.
You were hungry.

You visited 8 branches of the dungeon, and saw 40 of its levels.
You also visited: Labyrinth and Sewer.

You collected 1891 gold pieces.
You spent 1427 gold pieces at shops.

#. #...# .. #.# ##...#
##.##..#####...#####
...................#
...................#
..........).....)..#
.........ยง...(.....#
......ZW{............Z
.....ZW@WW.........###
.....Zpzn..........#
......ZzZ..........#
.......W...........#
...........$......
.................
................
...............

Notes
Turn   | Place    | Note
--------------------------------------------------------------
     0 | D:1      | ololoev the High Elf Fighter began the quest for the Orb.
     0 | D:1      | Reached XP level 1. HP: 16/16 MP: 2/2
   173 | D:1      | Reached XP level 2. HP: 19/21 MP: 3/3
   456 | D:4      | Found an iron altar of Okawaru.
   502 | D:4      | Reached XP level 3. HP: 18/26 MP: 4/4
   535 | D:5      | Entered Level 5 of the Dungeon
   550 | D:5      | Reached skill level 4 in Long Blades
   585 | D:5      | Found a glowing drain.
   602 | D:5      | Reached XP level 4. HP: 26/31 MP: 5/5
   615 | Sewer    | Entered a sewer
   776 | Sewer    | Reached XP level 5. HP: 28/37 MP: 6/6
   820 | Sewer    | Reached skill level 5 in Long Blades
  1283 | D:4      | Reached XP level 6. HP: 20/43 MP: 7/7
  1348 | D:4      | Noticed an ogre
  1360 | D:4      | Killed an ogre
  1360 | D:4      | Reached skill level 6 in Long Blades
  1381 | D:4      | Found a staircase to the Ecumenical Temple.
  1397 | Temple   | Entered the Ecumenical Temple
  1401 | Temple   | Became a worshipper of Makhleb the Destroyer
  1417 | D:4      | Noticed brucemayne's ghost (weakling DsBe)
  1425 | D:4      | Killed brucemayne's ghost
  1499 | D:5      | Reached XP level 7. HP: 43/49 MP: 8/8
  1639 | D:6      | Noticed Prince Ribbit
  1645 | D:6      | Killed Prince Ribbit
  1645 | D:6      | Reached skill level 5 in Fighting
  1645 | D:6      | Reached skill level 7 in Long Blades
  1645 | D:6      | Reached skill level 1 in Invocations
  1646 | D:6      | Noticed Menkaure
  1695 | D:5      | Noticed an ice beast
  1708 | D:5      | Killed an ice beast
  1744 | D:5      | Noticed a sky beast
  1757 | D:5      | Killed a sky beast
  1757 | D:5      | Reached XP level 8. HP: 47/55 MP: 10/10
  1881 | D:6      | Found a shimmering altar of Xom.
  1932 | D:6      | Reached skill level 8 in Long Blades
  2054 | D:6      | Acquired Makhleb's first power
  2058 | D:6      | Killed Menkaure
  2058 | D:6      | Reached skill level 5 in Armour
  2282 | D:7      | Reached skill level 9 in Long Blades
  2429 | D:9      | Noticed Psyche
  2443 | D:9      | Killed Psyche
  2479 | D:8      | Reached XP level 9. HP: 58/62 MP: 13/13
  2523 | D:8      | Reached skill level 10 in Long Blades
  2603 | D:8      | Noticed a rust devil
  2603 | D:8      | Found a basalt altar of Yredelemnul.
  2603 | D:8      | Noticed an orange demon
  2604 | D:8      | Noticed a rust devil
  2696 | D:8      | Acquired Makhleb's second power
  2732 | D:9      | Found a radiant altar of Vehumet.
  2748 | D:10     | Entered Level 10 of the Dungeon
  2826 | D:10     | Reached skill level 5 in Invocations
  2883 | D:9      | Noticed a gargoyle
  2903 | D:9      | Killed a gargoyle
  3031 | D:9      | Found Sashrykh's Magic Scroll Shoppe.
  3043 | D:9      | Bought a scroll of identify for 24 gold pieces
  3043 | D:9      | Bought a scroll of blinking for 90 gold pieces
  3043 | D:9      | Bought a scroll of teleportation for 36 gold pieces
  3043 | D:9      | Bought a scroll of fear for 42 gold pieces
  3043 | D:9      | Bought a scroll of identify for 24 gold pieces
  3043 | D:9      | Bought a scroll of magic mapping for 42 gold pieces
  3055 | D:9      | Noticed Grum
  3153 | D:8      | Reached skill level 11 in Long Blades
  3333 | D:9      | Noticed Maurice
  3354 | D:9      | Killed Maurice
  3388 | D:9      | Noticed Pikel
  3398 | D:9      | Killed Pikel
  3398 | D:9      | Reached XP level 10. HP: 71/71 MP: 15/15
  3607 | D:10     | Noticed brucemayne's ghost (experienced DsBe)
  3626 | D:10     | Killed brucemayne's ghost
  3901 | D:11     | Reached skill level 12 in Long Blades
  3904 | D:11     | Found a staircase to the Lair.
  3934 | D:11     | Acquired Makhleb's third power
  3968 | D:11     | Learned a level 5 spell: Shadow Creatures
  4249 | D:11     | Found a staircase to the Orcish Mines.
  4270 | D:11     | Reached skill level 1 in Dodging
  4350 | D:11     | Acquired Makhleb's fourth power
  4401 | Orc:1    | Entered Level 1 of the Orcish Mines
  4482 | Orc:1    | Found a bloodstained altar of Trog.
  4635 | Orc:2    | Noticed Urug
  4693 | Orc:2    | HP: 3/72 [Urug/war axe of chopping (4)]
  4695 | Orc:2    | Killed Urug
  4730 | Orc:2    | Acquired Makhleb's fifth power
  4882 | Orc:3    | Reached XP level 11. HP: 77/77 MP: 17/17
  4926 | Orc:4    | Entered Level 4 of the Orcish Mines
  4965 | Orc:4    | Reached skill level 13 in Long Blades
  4981 | Orc:4    | Found a frozen archway.
  4999 | Orc:4    | Noticed an orc warlord
  5187 | D:10     | Noticed a hill giant
  5199 | D:10     | Killed a hill giant
  5273 | D:9      | Bought a scroll of acquirement for 624 gold pieces
  5280 | D:9      | Got an ancient hat
  5291 | D:9      | Identified the +1 hat "Zetuebbe" {rCorr MP-9 Str+10 Int-2} (You acquired it on level 9 of the Dungeon)
  5334 | D:9      | Killed Grum
  5481 | Lair:1   | Entered Level 1 of the Lair of Beasts
  5683 | Lair:4   | Noticed a necromancer
  5699 | Lair:4   | Killed a necromancer
  5806 | Lair:4   | Reached skill level 14 in Long Blades
  5869 | Lair:3   | Noticed Rupert
  5926 | Lair:4   | Noticed a catoblepas
  5944 | Lair:4   | Killed a catoblepas
  6087 | Lair:5   | Reached XP level 12. HP: 56/85 MP: 10/19
  6241 | Lair:6   | Reached skill level 5 in Dodging
  6576 | Lair:6   | Reached skill level 15 in Long Blades
  6647 | Lair:6   | Noticed a four-headed hydra
  6656 | Lair:6   | Killed a four-headed hydra
  6720 | Lair:7   | Reached skill level 10 in Fighting
  6749 | Lair:6   | Found a staircase to the Shoals.
  6769 | Lair:6   | Found a hole to the Spider Nest.
  6832 | Lair:7   | Noticed an eight-headed hydra
  6843 | Lair:7   | Found a runed door.
  6849 | Lair:7   | Killed an eight-headed hydra
  6862 | Lair:7   | Found a viscous altar of Jiyva.
  6894 | Lair:7   | Found a staircase to the Slime Pits.
  6937 | Lair:7   | Reached XP level 13. HP: 87/92 MP: 12/21
  7119 | Lair:8   | Entered Level 8 of the Lair of Beasts
  7215 | Lair:8   | Reached skill level 5 in Shields
  7444 | Lair:3   | Killed Rupert
  7444 | Lair:3   | Reached skill level 16 in Long Blades
  7450 | Lair:3   | Reached skill level 10 in Invocations
  7516 | Lair:3   | Learned a level 1 spell: Apportation
  7619 | Lair:2   | Noticed a four-headed hydra
  7699 | Lair:1   | Noticed Joseph
  7708 | Lair:1   | Killed Joseph
  7708 | Lair:1   | Reached skill level 1 in Translocations
  7810 | Orc:2    | Noticed Erolcha
  7825 | Orc:2    | Killed Erolcha
  7857 | Orc:3    | Noticed an orc high priest
  7869 | Orc:3    | Killed an orc high priest
  7869 | Orc:3    | Reached skill level 10 in Armour
  8010 | Orc:4    | Noticed an orc high priest
  8022 | Orc:4    | Noticed an orc high priest
  8032 | Orc:4    | Killed an orc high priest
  8033 | Orc:4    | Noticed an orc high priest
  8119 | Orc:3    | Killed an orc high priest
  8165 | Orc:4    | Killed an orc high priest
  8190 | Orc:4    | Found a staircase to the Elven Halls.
  8230 | Orc:3    | Killed an orc warlord
  8278 | Orc:4    | Found Bautadghyd's Antique Armour Boutique.
  8312 | Orc:4    | Bought a slimy chain mail for 294 gold pieces
  8341 | Orc:4    | Reached XP level 14. HP: 99/99 MP: 13/22
  8354 | Orc:4    | Noticed an orc high priest
  8382 | Orc:4    | Found Enoraxaf's Antique Weapon Shop.
  8420 | Orc:4    | Found Nomull's Book Shoppe.
  8435 | Orc:4    | Found Cadedghif's General Store.
  8469 | Orc:4    | Bought 3 scrolls of identify for 66 gold pieces
  8469 | Orc:4    | Bought a potion of might for 44 gold pieces
  8469 | Orc:4    | Identified the cursed +0 chain mail of Veloh {+Fly rElec Str+3 Stlth-} (You bought it in a shop on level 4 of the Orcish Mines)
  8605 | D:12     | Found a shadowy altar of Dithmenos.
  8752 | D:12     | Got an ichor-stained dagger
  8753 | D:12     | Identified the +11 dagger "Wuiwixto" {flame, rF- rC+ Stlth+} (You found it on level 12 of the Dungeon)
  8845 | D:13     | Reached skill level 1 in Evocations
  8877 | D:14     | Found Girchonue's Assorted Antiques.
  8918 | D:15     | Entered Level 15 of the Dungeon
  8974 | D:15     | Found a labyrinth entrance.
  8990 | Lab      | Entered a labyrinth
  8994 | Lab      | Gained mutation: You are weak. (Str -2) [mutagenic meat]
  8995 | Lab      | Gained mutation: You expend magic power (3 MP) to strengthen your wands. [mutagenic meat]
  8996 | Lab      | Gained mutation: You are very weak. (Str -4) [mutagenic meat]
  9241 | Lab      | Got a shimmering granite ring
  9243 | Lab      | Identified the ring of Doymm {rElec rC+ rN+ MR-} (You took it off a minotaur in a labyrinth)
  9250 | Lab      | Got a translucent turquoise ring
  9255 | Lab      | Identified the ring of Miopravu {Ice rElec MR++ Int+4} (You found it in a labyrinth)
  9345 | D:15     | Found Joqide's Magic Scroll Emporium.
  9349 | D:15     | Bought a scroll of enchant weapon for 90 gold pieces
  9349 | D:15     | Bought a scroll of identify for 24 gold pieces
  9352 | D:15     | Identified a +6 rod of the swarm (13/13) (You took it off a minotaur in a labyrinth)
  9758 | Shoals:1 | Entered Level 1 of the Shoals
 10144 | D:14     | Gained mutation: You are covered in fur (AC +1). [mutagenic meat]
 10145 | D:14     | Gained mutation: You are resistant to electric shocks. [mutagenic meat]
 10146 | D:14     | Gained mutation: You have sharp fingernails. [mutagenic meat]
 10149 | D:14     | Gained mutation: Your magical capacity is low (-10% MP). [mutagenic meat]
 10360 | D:13     | Lost mutation: You are covered in fur (AC +1). [mutagenic meat]
 10361 | D:13     | Gained mutation: You can spit weak poison. [mutagenic meat]
 10551 | D:14     | Gained mutation: You are partially covered in large bone plates (AC +2, SH +2). [mutagenic meat]
 10552 | D:14     | Gained mutation: You can spit poison. [mutagenic meat]
 10554 | D:14     | Gained mutation: You are partially covered in iridescent scales (AC +4). [mutagenic meat]
 10555 | D:14     | Gained mutation: You are resistant to hostile enchantments. [mutagenic meat]
 10556 | D:14     | Lost mutation: You have sharp fingernails. [mutagenic meat]
 10608 | D:13     | Reached skill level 5 in Evocations
 10617 | D:13     | Gained mutation: You are occasionally teleported to nearby monsters. [mutagenic meat]
 10647 | D:13     | Found a gate to the Vaults.
 10749 | D:14     | Bought a black potion for 27 gold pieces
 10750 | D:14     | Lost mutation: You are occasionally teleported to nearby monsters. [potion of cure mutation]
 10750 | D:14     | Lost mutation: You are very weak. (Str -4) [potion of cure mutation]
 10750 | D:14     | Lost mutation: You are weak. (Str -2) [potion of cure mutation]
 10750 | D:14     | Lost mutation: You can spit poison. [potion of cure mutation]
 10957 | Spider:1 | Entered Level 1 of the Spider Nest
 11246 | Spider:1 | Reached XP level 15. HP: 60/107 MP: 12/21
 11461 | Spider:3 | Noticed Arachne
 11485 | Spider:3 | Killed Arachne
 11557 | Spider:3 | Noticed Agnes
 11565 | Spider:3 | Killed Agnes
 11565 | Spider:3 | Reached skill level 5 in Translocations
 11585 | Spider:3 | Noticed Mara
 11595 | Spider:3 | Killed Mara
 11730 | Spider:4 | Entered Level 4 of the Spider Nest
 12123 | Spider:4 | Reached skill level 10 in Dodging
 12275 | Spider:4 | Got a gossamer rune of Zot
 12682 | Shoals:2 | Reached XP level 16. HP: 113/113 MP: 14/23
 12835 | Shoals:4 | Entered Level 4 of the Shoals
 13025 | Shoals:4 | Noticed Ilsuiw
 13027 | Shoals:4 | Noticed an Executioner
 13032 | Shoals:4 | Killed an Executioner
 13108 | Shoals:4 | Gained mutation: Your natural rate of healing is unusually fast. [potion of beneficial mutation]
 13723 | D:13     | Noticed Frances
 13731 | D:13     | Killed Frances
 13772 | Vaults:1 | Entered Level 1 of the Vaults
 13933 | Vaults:2 | Reached skill level 10 in Evocations
 14009 | Vaults:2 | Identified the Collected Works on Feathery Toxins
 14014 | Vaults:2 | Learned a level 2 spell: Swiftness
 14063 | Vaults:2 | Noticed Jorgrun
 14087 | Vaults:2 | Killed Jorgrun
 14087 | Vaults:2 | Reached skill level 1 in Air Magic
 14251 | Vaults:2 | Reached skill level 1 in Spellcasting
 14307 | Vaults:2 | Noticed PeterLawrence's ghost (great MiFi)
 14891 | Vaults:2 | Reached skill level 5 in Air Magic
 15145 | Vaults:2 | Reached XP level 17. HP: 102/118 MP: 15/24
 15162 | Vaults:2 | Noticed Norris
 15192 | Vaults:2 | Killed Norris
 15523 | Vaults:3 | Found a staircase to the Crypt.
 15569 | Crypt:1  | Entered Level 1 of the Crypt
 15638 | Crypt:1  | Reached skill level 10 in Shields
 15661 | Crypt:1  | HP: 1/118 [phantasmal warrior[a curse skull] (21)]
 15667 | Crypt:1  | Slain by a phantasmal warrior

Dungeon Overview and Level Annotations

Branches:
Dungeon (15/15)            Temple (1/1) D:4            Lair (8/8) D:11
 Shoals (4/4) Lair:6       Spider (4/4) Lair:6        Slime (0/6) Lair:7
    Orc (4/4) D:11            Elf (0/3) Orc:4        Vaults (3/5) D:13
  Crypt (1/3) Vaults:3
 Depths: D:15

Altars:
Ashenzari
Cheibriados
Dithmenos
Kikubaaqudgha
Makhleb
Nemelex Xobeh
Okawaru
Qazlal
Sif Muna
Trog
Vehumet
Xom
Yredelemnul
Zin
The Shining One
Jiyva

Shops:
D:9 ?   D:14 *   D:15 ?   Orc:4 [(:*

Annotations:
Shoals:4 Ilsuiw
Vaults:2 PeterLawrence's ghost, great MiFi


Message History

Unknown command.
You hit the curse skull but do no damage.
The curse skull is almost destroyed.
You block the necromancer's attack. The shadow barely misses you.
You block the phantasmal warrior's attack.
You block the spectral fire dragon's attack.
The spectral fire dragon closely misses you.
The spectral fire dragon tramples you.
The phantasmal warrior blinks!
You block the shadow's attack. The necrophage closely misses you.
The necromancer hits you but does no damage.
The shadow misses you.
Unknown command.
You completely miss the curse skull.
The curse skull is almost destroyed.
You block the spectral fire dragon's attack. x2
The spectral fire dragon tramples you but does no damage.
The phantasmal warrior blinks!
The necrophage hits you but does no damage.
The necromancer misses you.
The phantasmal warrior closely misses you.
The shadow hits you.
Unknown command.
You hit the curse skull but do no damage.
The curse skull is severely damaged.
You block the spectral fire dragon's attack.
The spectral fire dragon closely misses you.
You block the spectral fire dragon's attack.
The shadow slips into darkness.
The shadow flickers and vanishes!
Deactivating autopickup; reactivate with Ctrl-A.
The necrophage hits you.
Your flesh rots away!
Your flesh rots away!
The necromancer closely misses you. The shadow completely misses you.
The phantasmal warrior barely misses you.
Unknown command.
You slash the curse skull!
The curse skull convulses.
The curse skull is almost destroyed.
You block the spectral fire dragon's attack. x2
The spectral fire dragon barely misses you.
The phantasmal warrior hits you!!
You die...

You could see a curse skull, 3 phantasmal warriors, a spectral fire dragon, a necromancer, a wraith, a necrophage, a shadow, a flying skull, a spriggan simulacrum, a titan simulacrum, a giant leech zombie and a fire giant skeleton.

Vanquished Creatures
  Mara (Spider:3)
  Norris (Vaults:2)
  Arachne (Spider:3)
  Jorgrun (Vaults:2)
  Rupert (Lair:3)
  A revenant (Vaults:3)
  An orc warlord (Orc:3)
  3 ghost moths (Spider:4)
  A vault warden (Vaults:2)
  5 ironheart preservers (Vaults:2)
  4 emperor scorpions (Spider:4)
  2 vampire knights (Crypt:1)
  A stone giant (Vaults:2)
  A minotaur (Lab)
  2 vault guards (Vaults:2)
  A merfolk impaler (Shoals:4)
  An ettin (D:15)
  3 yaktaur captains
  2 entropy weavers (Spider:4)
  A fire dragon (Vaults:2)
  A great orb of eyes (Vaults:3)
  A catoblepas (Lair:4)
  An ice dragon (D:13)
  A hydra (Lair:7)
  5 centaur warriors
  A deep troll shaman (Vaults:2)
  8 death yaks
  2 alligator snapping turtles (Shoals:2)
  3 merfolk aquamancers
  2 tengu warriors (D:15)
  4 orc high priests
  An ogre mage (Vaults:3)
  A deep troll earth mage (Vaults:2)
  Urug (Orc:2)
  2 vampire magi (Vaults:3)
  A storm dragon zombie (Crypt:1)
  A fire crab (shapeshifter) (Vaults:2)
  A sea snake (Shoals:4)
  3 hill giants
  A sea snake (shapeshifter) (Vaults:2)
  9 harpies
  A necromancer (Lair:4)
  6 deep trolls
  Pikel (D:9)
  3 ironbrand convokers
  An unseen horror (D:14)
  5 phantasmal warriors (Crypt:1)
  5 orc knights
  A wizard (Vaults:3)
  11 wolf spiders
  6 hornets
  An orc sorcerer (Orc:4)
  6 orb spiders
  The ghost of brucemayne the Cleaver, an experienced DsBe of Trog (D:10)
  6 griffons
  3 cyclopes
  4 manticores
  2 moths of wrath (Spider:4)
  13 ugly things
  6 vault sentinels
  6 black mambas
  4 sirens
  A black mamba (shapeshifter) (Vaults:2)
  Maurice (D:9)
  6 elephants (Lair:6)
  Joseph (Lair:1)
  2 water nymphs
  Psyche (D:9)
  2 gargoyles
  A torpor snail (Lair:6)
  8 demonic crawlers
  A centaur skeleton (D:11)
  5 spiny frogs
  6 komodo dragons
  10 merfolk
  A fire drake (Lair:5)
  A yaktaur (shapeshifter) (D:13)
  2 freezing wraiths (Vaults:3)
  A tengu conjurer (D:15)
  7 trolls
  A wind drake (shapeshifter) (D:13)
  Prince Ribbit (D:6)
  2 boulder beetles
  5 jumping spiders (Spider:4)
  A harpy skeleton (D:15)
  15 blink frogs
  4 two-headed ogres
  5 trapdoor spiders
  3 snapping turtles
  14 tarantellas
  3 slime creatures (Vaults:1)
  31 redbacks
  2 shadows (Crypt:1)
  A spriggan (shapeshifter) (Vaults:3)
  A vampire (Crypt:1)
  A basilisk (Lair:3)
  A wyvern (D:9)
  A human (shapeshifter) (Vaults:2)
  13 water elementals
  A golden eye (shapeshifter) (Vaults:3)
  A wraith (Vaults:1)
  33 yaks
  Grum (D:9)
  4 hippogriffs
  3 hungry ghosts
  A yaktaur simulacrum (Vaults:2)
  A redback simulacrum (D:15)
  Menkaure (D:6)
  A hippogriff (shapeshifter) (D:13)
  9 vampire mosquitoes
  6 wargs
  18 wolves
  6 porcupines
  4 sky beasts
  10 water moccasins
  9 spiders
  2 black bears
  A manticore zombie (Crypt:1)
  10 ice beasts
  5 phantoms
  An elephant zombie (Lair:4)
  12 ogres
  27 orc warriors
  5 crocodiles
  2 wasps
  12 centaurs
  15 giant frogs
  A komodo dragon skeleton (Crypt:1)
  A wyvern skeleton (D:8)
  3 troll zombies (D:11)
  The ghost of brucemayne the Chopper, a weakling DsBe of Trog (D:4)
  5 electric eels
  3 wights (D:8)
  2 centaur zombies
  4 jellies
  4 crimson imps
  2 giant frog skeletons
  13 orc priests
  A basilisk zombie (Lair:4)
  A giant frog zombie (D:5)
  6 hounds
  2 iguanas
  14 orc wizards
  A quasit (D:9)
  A water moccasin simulacrum (D:9)
  6 worker ants
  16 sheep
  2 crocodile zombies (Lair:4)
  5 ogre zombies (D:11)
  A hound skeleton (D:11)
  3 gnolls (D:10)
  29 river rats
  8 adders
  A hound simulacrum (D:9)
  2 white imps (D:9)
  2 shadow imps
  2 ufetubi (D:9)
  2 oozes (Lair:7)
  3 worms (D:4)
  An adder simulacrum (D:9)
  2 giant geckos (D:5)
  103 orcs
  3 bats
  2 giant cockroaches (D:5)
  2 hobgoblins (D:3)
  3 jackals (D:8)
  20 kobolds
  A quokka (D:4)
  2 ball pythons (Sewer)
  3 giant newts
  3 goblins
  A goblin skeleton (D:11)
  2 goblin zombies (D:11)
  5 hobgoblin skeletons (D:11)
  A jackal skeleton (D:4)
  2 kobold zombies (D:6)
  5 orc skeletons (D:11)
  12 orc zombies (D:11)
  A quokka skeleton (D:5)
  17 rats
  3 plants
880 creatures vanquished.

Vanquished Creatures (collateral kills)
  Agnes (Spider:3)
  Frances (D:13)
  A merfolk javelineer (Shoals:4)
  Erolcha (Orc:2)
  A hydra (Lair:6)
  2 merfolk aquamancers (Shoals:4)
  A death yak (Lair:6)
  A sea snake (Shoals:4)
  2 orb spiders
  A griffon (Shoals:4)
  An orc sorcerer (Orc:4)
  5 wolf spiders
  A siren (Shoals:4)
  A fire drake (Lair:6)
  A tengu conjurer (Shoals:4)
  3 merfolk (Shoals:4)
  A troll (Orc:4)
  A wind drake (Shoals:1)
  2 snapping turtles (Shoals:4)
  7 water elementals (Shoals:4)
  2 yaks (Lair:6)
  6 redbacks
  2 trapdoor spiders
  3 tarantellas
  A wolf (Lair:6)
  A water moccasin (Lair:7)
  An orc warrior (Orc:4)
  2 spiders
  An ice beast (Orc:4)
  2 river rats (Lair:6)
  3 orcs
59 creatures vanquished.

Vanquished Creatures (others)
  A tengu warrior (Shoals:4)
  A tarantella (Spider:4)
  A water elemental (Shoals:4)
  A hound simulacrum (D:9)
  5 fungi (Orc:4)
  A lost soul (Crypt:1)
  2 plants (Shoals:4)
12 creatures vanquished.

Grand Total: 951 creatures vanquished

Action                   |  1- 3 |  4- 6 |  7- 9 | 10-12 | 13-15 | 16-18 || total
-------------------------+-------+-------+-------+-------+-------+-------++-------
Melee: Long sword        |    73 |   134 |   246 |   469 |       |       ||   922
       Double sword      |       |       |       |   390 |  1271 |   774 ||  2435
 Fire: Blowgun           |       |    29 |    13 |     7 |       |       ||    49
 Cast: Apportation       |       |       |       |       |     6 |    11 ||    17
Invok: Lesser Servant of |       |       |       |    13 |     9 |       ||    22
       Minor Destruction |       |       |       |     2 |     1 |       ||     3
       Major Destruction |       |       |       |       |    10 |       ||    10
       Greater Servant o |       |       |       |       |     9 |     8 ||    17
 Abil: Spit Poison       |       |       |       |       |     1 |       ||     1
Evoke: Wand              |       |       |     3 |    16 |     2 |       ||    21
       Disc of storms    |       |       |       |       |    52 |    12 ||    64
       Rod               |       |       |       |       |    13 |     4 ||    17
  Use: Scroll            |       |     6 |     6 |    11 |    25 |     8 ||    56
       Potion            |       |     5 |     8 |     5 |     5 |     8 ||    31
 Stab: Distracted        |       |       |       |     1 |     6 |     3 ||    10
       Confused          |       |       |       |       |     1 |       ||     1
  Eat: Chunk             |       |     2 |     7 |    11 |    43 |     7 ||    70
       Meat ration       |       |       |       |     2 |     2 |     2 ||     6
       Pizza             |       |       |       |       |     2 |       ||     2

Vault maps used:
D:1:      saegor_arrival_simple_a
D:2:      lemuel_crystal_altar, grunt_temple_overflow_diamond,
          serial_park_tiny_1
D:4:      lemuel_crystal_altar, minmay_temple_entry_purple_smoke
D:5:      first_bread, portal_sewer_entry_f
D:6:      basic_altar, dk_yredelemnul_ordeal, uniq_menkaure, uniq_prince_ribbit1
D:8:      grunt_gozag_breadcrumbs, lemuel_hellish_altar
D:9:      kennysheep_big_flooded_room, vehumet_altar_wand_db, serial_shops,
          shop, serial_ice, serial_ice_d, serial_ice_k, serial_ice_h,
          serial_ice_b, uniq_psyche, uniq_maurice, uniq_grum, uniq_pikel
D:11:     david_lair_shrubbed, zombieorc2_lemuel, uniq_fannar
D:12:     hangedman_tell_no_tales, serial_park_tiny_pond,
          nicolae_dithmenos_shadow_blocks
D:13:     david_vaults_4, uniq_snorg, uniq_frances
D:14:     nrook_pool_corridor, serial_shops, nicolae_shop_overgrown_old_shop
D:15:     hangedman_depths_entry_civil_slaughter, lab_entry_generic,
          hangedman_decor_clover_reticule, serial_shops, shop
Temple:   minmay_freezing_vapour_temple_12
Lair:1:   minivault_11, zaba_antful_of_joy, uniq_joseph, uniq_sonja,
          uniq_nergalle
Lair:3:   hangedman_lair_generics_rect, lemuel_fruit_tree, grunt_megastairs_3,
          uniq_rupert
Lair:4:   pond_and_an_island_with_a_cottage
Lair:6:   elwin_shoals_entry_stream, spider_nest_entry_rubble,
          grunt_megastairs_2, serial_bayou_shore_b, lemuel_fruit_fields
Lair:7:   slime_altar_2
Lair:8:   minmay_lair_end_enchanted_forest, st_stairs_4, grunt_megastairs_4
Shoals:1: uniq_roxanne
Shoals:3: nicolae_shoals_c_island
Shoals:4: shoals_end_hangedman, shoals_ilsuiw_alternative, kb_tengu_band
Spider:2: guppyfry_spider_mini_1, uniq_azrael
Spider:3: guppyfry_spider_mini_2, uniq_arachne, uniq_mara, uniq_agnes
Spider:4: spider_rune_water
Orc:1:    nicolae_orc_bridge_out, bloody_trog
Orc:2:    uniq_erolcha, uniq_urug
Orc:3:    nicolae_orc_accident_1, nicolae_orc_pool_cavern
Orc:4:    grunt_orc_gardens, grunt_orc_garden, grunt_orc_garden,
          grunt_orc_garden, grunt_orc_garden, portal_ice_cave_entry_ice_beasts
Vaults:1: v_rooms_1, vaults_room_door_hall, vaults_mumra_minichess, v_rooms_5,
          hangedman_vaults_cutoff, vaults_room_corners, v_misc_16,
          nicolae_vaults_quartermaster, ontoclasm_vaults_decontamination,
          vaults_room_large_hall, nicolae_vaults_gold_heap, uniq_donald
Vaults:2: v_misc_12, st_lines, vaults_room_corners, v_misc_16,
          ontoclasm_vaults_misaligned, v_misc_15, v_misc_22,
          nicolae_vaults_triangles, dpeg_vaults_monster_box,
          ontoclasm_vaults_shuriken, uniq_norris, uniq_jorgrun
Vaults:3: nicolae_vaults_stairing_the_circle, nicolae_vaults_arrows,
          nicolae_vaults_sealed_display, nicolae_vaults_theta,
          minmay_crypt_entry_simple_statues, hangedman_vaults_capsules,
          v_alt_pattern_6, nicolae_vaults_diagonal_hallway_8,
          ontoclasm_vaults_idyll, ontoclasm_vaults_misaligned,
          nicolae_vaults_an_arrangement, ontoclasm_vaults_chip
Lab:      labyrinth_watery
Sewer:    sewer_minmay_treatment
